 Dungeon Crawl Stone Soup version 0.28.0-47-ge53b351184 (webtiles) character file.

Game seed: 9714777992449327458

11 NinjaNoafa the Chopper (level 2, -10/27 HPs)
             Began as a Minotaur Monk on May 3, 2022.
             Killed by an exploding frilled lizard (28 damage)
             ... ignited by their inner flame
             ... on level 2 of the Dungeon.
             The game lasted 00:01:06 (333 turns).

NinjaNoafa the Chopper (Minotaur Monk)               Turns: 333, Time: 00:01:08

Health: -10/27     AC:  2    Str: 15    XL:     2   Next: 13%
Magic:  1/1        EV: 17    Int:  7    God:
Gold:   15         SH:  0    Dex: 12    Spells: 1/1 levels left

rFire   . . .      SeeInvis .   a - +0 hand axe
rCold   . . .      Faith    .   (no shield)
rNeg    . . .      Spirit   .   b - +0 robe
rPois   .          Reflect  .   (helmet restricted)
rElec   .          Harm     .   (no cloak)
rCorr   .          Rampage  .   (no gloves)
Will    .....                   (no boots)
Stlth   ++........              (no amulet)
HPRegen 0.09/turn               c - +4 ring of evasion
MPRegen 0.07/turn               (no ring)

@: no status effects
A: horns 2, retaliatory headbutt
a: no special abilities


You were on level 2 of the Dungeon.
You visited 1 branch of the dungeon, and saw 2 of its levels.

You collected 15 gold pieces.

Inventory:

Hand Weapons
 a - a +0 hand axe (weapon)
Armour
 b - a +0 robe (worn)
Jewellery
 c - a +4 ring of evasion (left hand)
Scrolls
 g - a scroll of magic mapping {unknown}
Potions
 e - 2 potions of mutation {unknown}


   Skills:
 + Level 3.9 Fighting
 + Level 3.9 Axes
 + Level 0.5 Armour
 - Level 3.4 Dodging
 - Level 1.5 Stealth


You had one spell level left.
You didn't know any spells.
Your spell library was empty.

Dungeon Overview and Level Annotations

Branches:
Dungeon (1/15)

Altars:


Innate Abilities, Weirdness & Mutations

You have a pair of horns on your head.
You reflexively headbutt those who attack you in melee.


Message History

You hit the rat. You headbutt the rat.
You kill the rat!
You see here a rat corpse.
A sourceless malevolence fills the Dungeon...
You fall into a shaft and drop 1 floor!
The shaft crumbles and collapses.
An endoplasm and a goblin come into view.
Found a robe, 15 gold pieces and a scroll labelled TINETO GUKYNTA.
Found an escape hatch in the floor.
A goblin comes into view. It is wielding a +0 dagger.
The goblin shouts!
Found 10 gold pieces.
You see here 15 gold pieces.
You now have 15 gold pieces.
A frilled lizard comes into view.
The frilled lizard moves out of view.
Found a scroll labelled DACAEL JULLERGH.
Found 10 gold pieces.
The goblin closely misses you.
Found a brown potion.
The endoplasm freezes you.
You are frozen.
The goblin completely misses you. You furiously retaliate!
You headbutt the goblin, but do no damage.
You see here a scroll labelled DACAEL JULLERGH.
g - a scroll labelled DACAEL JULLERGH The frilled lizard closely misses you.
The endoplasm hits you. The goblin completely misses you.
As you read the scroll labelled DEOD XAIJEBRAT, it crumbles to dust.
It is a scroll of amnesia.
You feel forgetful for a moment. The frilled lizard misses you.
The endoplasm hits you but does no damage.
The goblin hits you with a +0 dagger.
As you read the scroll labelled FIOV NOSUOKH, it crumbles to dust.
The creatures around you are filled with an inner flame!
It was a scroll of immolation.
The frilled lizard barely misses you. You furiously retaliate!
You headbutt the frilled lizard.
The frilled lizard explodes!
The fiery explosion engulfs you!!
Ouch! That really hurt!
You die...

.......#............
.......#............
.................>..
........#.##........
..........###.......
.....#..# #####...
###§.#..##... ...
##§.#......... .. .
#@J§g...##....
....##.g..........#
#....$..............
#...........########
#.!.........#
#....#####.## #...^
... #... .... ####
....


You could see an endoplasm (inner flame) and 2 goblins.

Vanquished Creatures
  2 bats (D:1)
  3 jackals (D:1)
  A quokka (D:1)
  A ball python (D:1)
  A frilled lizard (D:2)
  A kobold (D:1)
  3 rats (D:1)
12 creatures vanquished.

Notes
Turn   | Place    | Note
-------+----------+-------------------------------------------
     0 | D:1      | NinjaNoafa the Minotaur Monk began the quest for the Orb.
     0 | D:1      | Reached XP level 1. HP: 19/19 MP: 0/0
   180 | D:1      | Reached XP level 2. HP: 27/27 MP: 1/1
   313 | D:1      | You fall into a shaft and drop 1 floor!
   333 | D:2      | Killed by an exploding frilled lizard... ignited by their
                  | inner flame

Illustrated notes

Levels and vault maps discovered:
D:1:      co_arrival_square_in_a_square_in_a_square, layout_basic,
          dreamdust_ecumenical_altar_grove
D:2:      layout_rooms, chequers_serial_rivers_marsh,
          wander_ebering_terrifying_dragon_lair, uniq_robin

Action                   || total
-------------------------++-------
Melee: Hand axe          ||    25
       Headbutt          ||     1
  Use: Scroll            ||     2
 Stab: Sleeping          ||     1
Armor: Robe              ||     8
Dodge: Dodged            ||    49
